 Dungeon Crawl Stone Soup version 0.22.0-18-ge075c0de6d (webtiles) character file.

165 Jukra the Ruffian (level 5, -1/53 HPs)
             Began as a Troll Berserker on Aug 19, 2018.
             Was a Believer of Trog.
             Slain by a wight
             ... wielding a cursed +3 spear
              (4 damage)
             ... on level 3 of the Dungeon.
             The game lasted 00:09:00 (1845 turns).

Jukra the Ruffian (Troll Berserker)                 Turns: 1845, Time: 00:09:01

Health: -1/53      AC:  6    Str: 25    XL:     5   Next: 22%
Magic:  4/4        EV: 10    Int:  3    God:    Trog [**....]
Gold:   66         SH:  0    Dex: 10    Spells: 4/4 levels left

rFire    . . .     SeeInvis .     - Unarmed
rCold    . . .     Gourm    +   (no shield)
rNeg     . . .     Faith    .   a - +0 animal skin
rPois    .         Spirit   .   (helmet restricted)
rElec    .         Reflect  .   l - +0 cloak
rCorr    .         Harm     .   (gloves unavailable)
MR       .....                  (boots unavailable)
Stlth    +.........             (no amulet)
HPRegen  0.57/turn              (no ring)
MPRegen  0.09/turn              (no ring)

@: heavily drained
A: large, unfitting armour, claws 3, fast metabolism 3, gourmand, regeneration
1, shaggy fur 1, tough skin 2
a: Berserk, Trog's Hand, Renounce Religion


You were on level 3 of the Dungeon.
You worshipped Trog.
Trog was pleased with you.
You were very full.

You visited 1 branch of the dungeon, and saw 3 of its levels.

You collected 66 gold pieces.

Inventory:

Armour
 a - a +0 animal skin (worn)
 i - a +0 cloak
 l - a +0 cloak (worn)
Scrolls
 e - a scroll of immolation {unknown}
 f - 2 scrolls of identify {unknown}
 g - a scroll of enchant armour {unknown}
 h - a scroll of amnesia {unknown}
 j - 2 scrolls of remove curse {unknown}
Potions
 c - a potion of lignification {unknown}
 d - 3 potions of curing {unknown}
 k - a potion of ambrosia {unknown}
 m - a potion of haste {unknown}
Comestibles
 b - 2 rations
 n - a chunk of flesh


   Skills:
 * Level 3.1(1.7) Fighting
 - Level 0.2(0.0) Armour
 * Level 3.3(1.8) Dodging
 * Level 4.5(3.0) Unarmed Combat


You had 4 spell levels left.
You didn't know any spells.
Your spell library was empty.

Dungeon Overview and Level Annotations

Branches:
Dungeon (3/15)

Altars:
Kikubaaqudgha
Makhleb
Qazlal


Innate Abilities, Weirdness & Mutations

You are too large for most types of armour.
You have claws for hands.
Your metabolism is lightning-fast.
You like to eat raw meat.
Your natural rate of healing is unusually fast.
You are covered in fur. (AC +1)
You have very tough skin. (AC +2)


Message History

You barely miss the jackal. The jackal closely misses you.
The wight hits you but does no damage. The jackal closely misses you.
You claw the jackal!
You kill the jackal!
Trog accepts your kill.
The wight hits you from afar with an enchanted spear!
* * * LOW HITPOINT WARNING * * *
You barely miss the wight.
The wight is lightly damaged.
The wight hits you with an enchanted war axe.
* * * LOW HITPOINT WARNING * * *
The wight barely misses you.
You claw the wight!
You destroy the wight!
Trog accepts your kill.
You have reached level 5!
The wight hits you from afar with an enchanted spear!
* * * LOW HITPOINT WARNING * * *
You feel drained.
You die...

###########
#.........# ##
#........$# ####...
#........w#####.....#.
'.......zg)@[........_
#........z###.....#.
.......#####<..#..#
.....w. ##.## .#
...!... #.# .....:.
..# ....... ####
....... .......


You could see a worm, 2 wights and a hobgoblin.

Vanquished Creatures
  A wight (D:3)
  A hound (D:2)
  A worker ant (D:2)
  A gnoll (D:1)
  4 dart slugs
  A leopard gecko (D:1)
  5 bats
  3 giant cockroaches (D:2)
  5 goblins
  9 hobgoblins
  4 jackals
  8 kobolds
  A ball python (D:3)
  4 frilled lizards
  6 rats
54 creatures vanquished.

Notes
Turn   | Place    | Note
-------+----------+-------------------------------------------
     0 | D:1      | Jukra the Troll Berserker began the quest for the Orb.
     0 | D:1      | Reached XP level 1. HP: 22/22 MP: 0/0
    29 | D:1      | Reached XP level 2. HP: 24/29 MP: 1/1
   645 | D:1      | Reached XP level 3. HP: 36/36 MP: 2/2
  1052 | D:2      | Reached ** piety under Trog
  1332 | D:2      | Reached XP level 4. HP: 20/45 MP: 3/3
  1403 | D:2      | Reached skill level 4 in Unarmed Combat
  1409 | D:2      | Found a burning altar of Makhleb.
  1409 | D:2      | Found a stormy altar of Qazlal.
  1796 | D:3      | Found an ancient bone altar of Kikubaaqudgha.
  1845 | D:3      | Reached XP level 5. HP: 10/53 MP: 4/4
  1845 | D:3      | Slain by a wight

Skill      XL: |  1  2  3  4 |
---------------+-------------+-----
Fighting       | 3 |  3.1
Dodging        | 3 |  3.3
Unarmed Combat | 4 |  4.5
Armour         | |  0.2

Action                   |  1- 3 |  4- 6 || total
-------------------------+-------+-------++-------
Melee: Unarmed           |    88 |    44 ||   132
       Punch             |       |     1 ||     1
 Stab: Sleeping          |       |     1 ||     1
  Eat: Chunk             |     7 |    11 ||    18
       Ration            |     1 |       ||     1
Armor: Animal skin       |    34 |    17 ||    51
Dodge: Dodged            |    41 |    31 ||    72
